 Dungeon Crawl Stone Soup version 0.28-a0-1429-gf3d713df7a (webtiles) character file.

Game seed: 1884514285447929865

42 Gargoyl the Skirmisher (level 3, 28/30 HPs)
             Began as a Djinni Abyssal Knight on Jan 8, 2022.
             Was a Follower of Lugonu.
             Quit the game on level 2 of the Dungeon.
             The game lasted 00:01:29 (1347 turns).

Gargoyl the Skirmisher (Djinni Abyssal Knight)      Turns: 1347, Time: 00:01:29

Health: 28/30      AC: 10    Str: 14    XL:     3   Next: 80%
Gold:   59         EV:  4    Int: 11    God:    Lugonu [*.....] SH:  0 Dex: 13

rFire   + + .      SeeInvis .   a - +1 hand axe
rCold   x . .      Faith    .   (no shield)
rNeg    . . .      Spirit   .   e - +0 plate armour
rPois   ∞          Reflect  .   (no helmet)
rElec   .          Harm     .   (no cloak)
rCorr   .          Rampage  .   (no gloves)
Will    .....                   (boots unavailable)
Stlth   ..........              (no amulet)
HPRegen 0.10/turn               (no ring)
MPRegen 0.00/turn               (no ring)

@: flying
A: sickness immunity, fire resistance 2, cold vulnerability 1, float, innate
caster, hp casting, extra vitality 1
a: Renounce Religion, Depart the Abyss


You were on level 2 of the Dungeon.
You worshipped Lugonu.
Lugonu was aware of your devotion.
You visited 1 branch of the dungeon, and saw 2 of its levels.
You visited the Abyss 1 time.

You collected 59 gold pieces.

Inventory:

Hand Weapons
 a - a +1 hand axe (weapon)
Armour
 e - a +0 plate armour (worn)
Scrolls
 b - a scroll of fear {unknown}
 c - 2 scrolls of identify {unknown}
 g - a scroll of immolation {unknown}
 h - a scroll of teleportation {unknown}
Potions
 d - 2 potions of curing {unknown}
 f - a potion of berserk rage {unknown}


   Skills:
 + Level 3.3 Fighting
 + Level 2.2 Axes
 + Level 1.5 Armour
 + Level 2.5 Dodging
 + Level 2.0 Invocations


You had one spell level left.
You knew the following spells:

 Your Spells              Type           Power      Damage    Failure   Level
a - Animate Skeleton      Necr           0%         N/A       100%        1
Your spell library was empty.


Dungeon Overview and Level Annotations

Branches:
Dungeon (2/15)

Altars:
Yredelemnul


Innate Abilities, Weirdness & Mutations

You are immune to sickness and miasma.
You are immune to poison.
Your flesh is very heat resistant. (rF++)
You are vulnerable to cold. (rC-)
You float through the air rather than walking.
You learn spells naturally, not from books.
Your magical power is your life essence.
You have superior vitality. (+4 MHP)


Message History

Casting: Animate Skeleton (safe; 100% risk of failure)
Confirm with . or Enter, or press ? or * to list all spells.
Okay, then.
Casting: Animate Skeleton (safe; 100% risk of failure)
Confirm with . or Enter, or press ? or * to list all spells.
There is nothing nearby to animate!
The kobold hits you but does no damage.
You hit the kobold.
You kill the kobold!
Lugonu accepts your kill.
Things that are here:
a +0 short sword; 5 stones
Casting: Animate Skeleton (safe; 100% risk of failure)
Confirm with . or Enter, or press ? or * to list all spells.
There is nothing nearby to animate!
Things that are here:
a +0 short sword; 5 stones
Casting: Animate Skeleton (safe; 100% risk of failure)
Confirm with . or Enter, or press ? or * to list all spells.
There is nothing nearby to animate!
Unknown command.
A kobold comes into view. It is wielding a +0 short sword.
The kobold shouts!
A kobold is nearby!
A kobold is nearby!
A kobold is nearby!
A kobold is nearby!
The kobold hits you but does no damage.
You closely miss the kobold.
The kobold hits you with a +0 short sword.
The kobold hits you but does no damage.
Unknown command.
You hit the kobold.
You kill the kobold!
Lugonu accepts your kill.
Things that are here:
a +0 short sword; 5 stones Unknown command.
Unknown command.
Are you sure you want to abandon this character and quit the game? (Confirm with "yes".)

#. #. #.#.## #.#...
#.#... ####### #.#.#.
#####
#.....#####.....#....#
#....... .......@.#
#.._..######.###..#
......>....#......#
..(........##.##.##
#.....)....##.##...
#.#...........######
#.#.......###.#
#.#.#####.....# #.#..
#######


There were no monsters in sight!

Vanquished Creatures
  2 adders (D:2)
  A worm (D:2)
  3 ball pythons (D:1)
  2 giant cockroaches (D:1)
  3 goblins (D:1)
  A quokka (D:1)
  3 bats (D:1)
  5 kobolds
  2 rats
22 creatures vanquished.

Notes
Turn   | Place    | Note
-------+----------+-------------------------------------------
     0 | Abyss:1  | Gargoyl the Djinni Abyssal Knight began the quest for the
                  | Orb.
     0 | Abyss:1  | Reached XP level 1. HP: 20/20 MP: 0/0
     0 | D:1      | Escaped the Abyss
   205 | D:1      | Reached * piety under Lugonu
   336 | D:1      | Reached XP level 2. HP: 21/25 MP: 0/0
  1055 | D:2      | Reached XP level 3. HP: 19/30 MP: 0/0
  1055 | D:2      | Learned a level 1 spell: Animate Skeleton
  1255 | D:2      | Found a basalt altar of Yredelemnul.
  1347 | D:2      | Quit the game

Illustrated notes

Levels and vault maps discovered:
D:1:      wander_arrival_estate, layout_basic, serial_aquarium,
          aquarium_bridge_straight [aquarium_subvault_bridge,
          aquarium_subvault_wall, aquarium_subvault_bridge,
          aquarium_subvault_wall], aquarium_window_1, aquarium_window_1,
          aquarium_window_corner, aquarium_window_fake, aquarium_view_2b,
          aquarium_balcony_3b, aquarium_pool_2, minmay_pentomino_z2
D:2:      layout_basic, basic_altar, kennysheep_flooded_box

Skill      XL: |  1  2  3 |
---------------+----------+-----
Invocations    | 2 |  2.0
Axes           | 2 |  2.2
Fighting       | |  3.3
Armour         | |  1.5
Dodging        | |  2.5

Action                   || total
-------------------------++-------
Melee: Hand axe          ||    77
Invok: Depart the Abyss  ||     1
Armor: Leather armour    ||    17
       Plate armour      ||    48
Dodge: Dodged            ||    37

Table legend: (Time is in decaauts)
 A = Elapsed time spent in this place.
 B = Non-inter-level travel time spent in this place.
 C = Inter-level travel time spent in this place.
 D = Time resting spent in this place.
 E = Time spent auto-exploring this place.
 F = Levels seen in this place.
 G = Mean time per level.
                   A        B        C        D        E       F      G
               +--------+--------+--------+--------+--------+-----+--------+
         Total |   1362 |   1350 |     12 |      0 |   1133 |   3 |  454.0 |
       Dungeon |   1362 |   1350 |     12 |      0 |   1133 |   2 |  681.0 |
         Abyss |      0 |      0 |      0 |      0 |      0 |   1 |    0.0 |
               +--------+--------+--------+--------+--------+-----+--------+

Top non-repeatable levels by time:
     D:1: 1050 daAuts
     D:2: 311 daAuts
